 Dungeon Crawl Stone Soup version 0.18.1-8-gdd0e5ea (webtiles) character file.

9026 Gagarin the Envoy of Void (level 11, -1/86 HPs)
             Began as a Demonspawn Abyssal Knight on June 3, 2016.
             Was a High Priest of Lugonu.
             Slain by a fire elemental (10 damage)
             ... summoned by a deep elf mage
             ... in a bailey.
             The game lasted 00:40:59 (11162 turns).

Gagarin the Envoy of Void (DsAK)                   Turns: 11162, Time: 00:41:02

Health: -1/86      AC: 12    Str: 20 (22) XL:     11   Next: 17%
Magic:  0/18       EV: 15    Int: 10 (13) God:    Lugonu [*****.]
Gold:   591        SH:  0    Dex: 15 (17) Spells: 0 memorised, 10 levels left

rFire  . . .     SeeInvis .     T - +2 scimitar (flame)
rCold  + . .     Gourm    .     y - +0 ring mail
rNeg   . . .     Faith    .     (no shield)
rPois  .         Spirit   +     B - +2 hat
rElec  .         Dismiss  .     H - +0 cloak
rCorr  .         Reflect  .     g - +0 pair of gloves
SustAt .         Harm     .     (boots unavailable)
MR     .....                    (no amulet)
Stlth  +.........               N - +6 ring of strength
                                E - +4 ring of dexterity

@: liquid flames, glowing, drained, not resistant to hostile enchantments, very
unstealthy
A: hooves 3, icy blue scales 1, cold resistance 1, magic shield, freezing cloud
immunity
a: Depart the Abyss, Bend Space, Banish, Corrupt, Enter the Abyss, Renounce
Religion


You were in a bailey.
You worshipped Lugonu.
Lugonu was extremely pleased with you.
You were near starving.

You visited 1 branch of the dungeon, and saw 9 of its levels.
You visited the Abyss 1 time.
You also visited: Bailey.

You collected 591 gold pieces.

Inventory:

Hand Weapons
 a - a +1 falchion
 l - a +1 dagger of draining
 D - a +0 long sword
 K - a +0 shortbow
 Q - the +11 morningstar "Eos" {elec, -Tele rElec SInv}
   (You found it on level 8 of the Dungeon)

   Occasionally, upon striking a foe, it will discharge some electrical energy
   and cause terrible harm.
   It insulates you from electricity.
   It lets you see invisible.
   It prevents most forms of teleportation.
 R - a +3 great sword
 T - a +2 scimitar of flaming (weapon)
Missiles
 h - 34 poisoned needles
 J - a throwing net (quivered)
 L - 137 arrows
Armour
 b - a +0 leather armour
 g - a +0 pair of gloves (worn)
 y - a +0 ring mail (worn)
 B - a +2 hat (worn)
 H - a +0 cloak (worn)
 V - a +1 animal skin
Jewellery
 m - an uncursed amulet of guardian spirit
 E - a +4 ring of dexterity (left hand)
 F - an uncursed ring of protection from magic
 N - a +6 ring of strength (right hand)
Wands
 v - a wand of flame (0/48)
 C - a wand of flame (21/48)
 M - a wand of lightning (0/15)
Scrolls
 d - a scroll of random uselessness {unknown}
 e - 4 scrolls of identify
 f - 3 scrolls of teleportation
 i - a scroll of remove curse
 j - a scroll of enchant armour {unknown}
 q - a scroll of fog {unknown}
 w - a scroll of enchant weapon {unknown}
 x - a scroll of recharging
 A - a scroll of magic mapping {unknown}
 G - a scroll of fear {unknown}
 O - a scroll of amnesia {unknown}
 P - a scroll of noise {unknown}
Potions
 p - a potion of agility {unknown}
 r - 3 potions of degeneration
 t - 2 potions of brilliance {unknown}
 I - a potion of flight {unknown}
 S - a potion of haste {unknown}
 W - a potion of ambrosia {unknown}
Miscellaneous
 k - a stone of tremors (inert)
Comestibles
 c - 6 bread rations
 n - 15 fruits
 u - 9 slices of pizza
 z - 2 beef jerkies
 U - 3 meat rations
 X - 8 chunks of flesh


   Skills:
 + Level 7.9(7.6) Fighting
 + Level 6.9(6.6) Long Blades
 + Level 1.3(1.0) Bows
 + Level 6.6(6.3) Armour
 + Level 8.0(7.7) Dodging
 + Level 1.0(0.7) Stealth
 * Level 10.4(10.1) Invocations
 + Level 2.9(2.6) Evocations


You had 10 spell levels left.
You didn't know any spells.

Dungeon Overview and Level Annotations

Branches:
Dungeon (9/15)             Temple (0/1) D:5            Lair (0/8) D:9
    Orc (0/2) D:9

Altars:
Ashenzari
Cheibriados
Fedhas
Gozag
Kikubaaqudgha
Pakellas
Ru
Sif Muna
The Shining One

Shops:
D:6 }   D:9 [


Innate Abilities, Weirdness & Mutations

You have hooves in place of feet.
You are partially covered in icy blue scales (AC +1).
Your flesh is cold resistant.
When hurt, damage is shared between your health and your magic reserves.
You are immune to freezing clouds.


Message History

* * * LOW HITPOINT WARNING * * *
You are covered in liquid flames!
* * * LOW HITPOINT WARNING * * *
The deep elf mage gestures wildly while chanting.
Drink which item? (? for menu, Esc to quit)
It was a potion of degeneration.
There was something very wrong with that liquid.
You feel weakened.
You feel dopey.
You feel clumsy.
You are covered in liquid flames!
* * * LOW HITPOINT WARNING * * *
The fire elemental barely misses you.
You don't have enough magic at the moment.
You slash the fire elemental!
You kick the fire elemental, but do no damage.
The fire elemental is moderately damaged.
You are covered in liquid flames!
* * * LOW HITPOINT WARNING * * *
The fire elemental completely misses you.
The fire elemental hits you. The fire elemental burns you!
You die...

#..... .....#
#..... .....#
#..... .....#
#..§.#....#
#e#####
#....#....##
#.....#...).#
#.....#).Ee.#
#.....#..@E§#
##...###...###
.######'##..#
e.
##...##....#
#.....#....#
#..∩..##..##
##...######
#####


You could see 2 deep elf magi and 2 fire elementals.

Vanquished Creatures
  2 hydras (D:8)
  Erica (D:8)
  4 deep elf magi (Bailey)
  Sigmund (D:2)
  A wyvern (D:8)
  Grum (D:9)
  2 yaks (D:8)
  A water moccasin (D:8)
  An orc warrior (D:9)
  2 sky beasts
  2 ice beasts
  A wasp (D:8)
  A phantom (D:5)
  8 ogres
  4 wolves (D:9)
  2 centaurs
  3 big kobolds (D:8)
  5 giant frogs
  A scorpion (D:8)
  3 wights (D:8)
  2 howler monkeys
  4 crimson imps
  2 hounds
  A jelly (D:8)
  2 orc priests (D:8)
  A giant frog skeleton (D:8)
  7 orc wizards
  6 worker ants
  Jessica (D:2)
  Natasha (thrice) (D:2)
  3 iguanas
  2 hell rats (D:9)
  A killer bee zombie (D:6)
  2 sheep (D:8)
  A hound zombie (D:6)
  Robin (D:4)
  A worker ant zombie (D:7)
  16 gnolls
  A howler monkey skeleton (D:5)
  4 adders
  A shadow imp (D:5)
  2 oozes
  An adder skeleton (D:4)
  7 worms
  2 dart slugs
  6 giant geckos
  17 orcs
  7 giant cockroaches
  17 goblins
  4 hobgoblins
  10 jackals
  4 quokkas
  3 ball pythons
  A ball python skeleton (D:4)
  A ball python zombie (D:6)
  7 bats
  A giant gecko skeleton (D:4)
  A giant gecko zombie (D:8)
  6 giant newts
  A jackal skeleton (D:5)
  3 kobolds
  6 rats
215 creatures vanquished.

Vanquished Creatures (others)
  The ghost of juanjsm the Covert, a novice SpEn of Ashenzari (Bailey)
  A deep elf mage (Bailey)
  2 komodo dragons (D:9)
  An ogre (D:6)
  A gnoll sergeant (D:6)
  A giant gecko (D:8)
7 creatures vanquished.

Grand Total: 222 creatures vanquished

Notes
Turn   | Place    | Note
--------------------------------------------------------------
     0 | Abyss:1  | Gagarin the Demonspawn Abyssal Knight began the quest for the Orb.
     0 | Abyss:1  | Reached XP level 1. HP: 18/18 MP: 2/2
    51 | D:1      | Escaped the Abyss
   116 | D:1      | Reached skill level 1 in Dodging
   204 | D:1      | Gained mutation: When hurt, damage is shared between your health and your magic reserves. [demonic ancestry]
   204 | D:1      | Reached XP level 2. HP: 23/24 MP: 3/3
   984 | D:2      | Reached ** piety under Lugonu
  1047 | D:3      | Gained mutation: You are partially covered in icy blue scales (AC +1). [demonic ancestry]
  1047 | D:3      | Reached XP level 3. HP: 25/29 MP: 4/4
  1590 | D:3      | Found an opulent altar of Gozag.
  1694 | D:3      | Found a snail-covered altar of Cheibriados.
  1873 | D:2      | Noticed Jessica
  1882 | D:2      | Killed Jessica
  1882 | D:2      | Gained mutation: You have large cloven feet. [demonic ancestry]
  1882 | D:2      | Reached XP level 4. HP: 36/37 MP: 5/5
  1895 | D:2      | Found a shattered altar of Ashenzari.
  1969 | D:2      | Noticed Natasha
  1972 | D:2      | Noticed Sigmund
  1979 | D:2      | Killed Natasha
  2227 | D:2      | Killed Sigmund
  2227 | D:2      | Gained mutation: You have hoof-like feet. [demonic ancestry]
  2227 | D:2      | Reached XP level 5. HP: 42/42 MP: 4/7
  2227 | D:2      | Reached XP level 6. HP: 48/48 MP: 4/8
  2577 | D:2      | Found a glowing golden altar of the Shining One.
  2596 | D:2      | Noticed Natasha
  2602 | D:2      | Killed Natasha
  2748 | D:2      | Noticed Natasha
  2755 | D:2      | Killed Natasha
  3037 | D:4      | Found an oddly glowing altar of Pakellas.
  3402 | D:4      | Noticed Robin
  3412 | D:4      | Reached *** piety under Lugonu
  3443 | D:4      | Killed Robin
  3836 | D:4      | Reached skill level 3 in Invocations
  4176 | D:4      | Found a sacrificial altar of Ru.
  4313 | D:4      | Found a deep blue altar of Sif Muna.
  4346 | D:4      | Found a blossoming altar of Fedhas.
  4348 | D:4      | Found an ancient bone altar of Kikubaaqudgha.
  4777 | D:4      | Gained mutation: Your flesh is cold resistant. [demonic ancestry]
  4777 | D:4      | Reached XP level 7. HP: 50/55 MP: 7/9
  4827 | D:5      | Entered Level 5 of the Dungeon
  5241 | D:5      | Reached **** piety under Lugonu
  5359 | D:5      | Found a staircase to the Ecumenical Temple.
  5449 | D:5      | Reached skill level 5 in Fighting
  5758 | D:6      | Reached skill level 4 in Invocations
  6330 | D:6      | Reached XP level 8. HP: 62/62 MP: 11/11
  6453 | D:6      | Found Ezamash's Gadget Shoppe.
  6487 | D:6      | Reached skill level 5 in Invocations
  6878 | D:6      | Reached skill level 5 in Armour
  7037 | D:6      | Reached skill level 5 in Dodging
  7074 | D:6      | Reached skill level 1 in Evocations
  7693 | D:7      | Reached skill level 6 in Invocations
  7693 | D:7      | Reached XP level 9. HP: 69/69 MP: 8/13
  9596 | D:8      | Reached skill level 5 in Long Blades
  9663 | D:8      | Noticed Erica
  9699 | D:8      | Killed Erica
  9699 | D:8      | Reached skill level 7 in Invocations
  9985 | D:8      | Noticed a five-headed hydra
  9996 | D:8      | Killed a one-headed hydra
  9996 | D:8      | Reached skill level 1 in Bows
  9996 | D:8      | Reached skill level 8 in Invocations
  9996 | D:8      | Gained mutation: You have hooves in place of feet. [demonic ancestry]
  9996 | D:8      | Reached XP level 10. HP: 61/77 MP: 9/16
 10127 | D:8      | Reached ***** piety under Lugonu
 10173 | D:8      | Noticed a two-headed hydra
 10177 | D:8      | Killed a one-headed hydra
 10505 | D:9      | Found Pulieqo's Armour Shop.
 10507 | D:9      | Found a staircase to the Orcish Mines.
 10587 | D:9      | Reached skill level 9 in Invocations
 10597 | D:9      | Noticed Grum
 10896 | D:9      | Killed Grum
 11053 | D:9      | Found a staircase to the Lair.
 11079 | D:9      | Found a flagged portal.
 11085 | Bailey   | Entered a bailey
 11090 | Bailey   | Noticed juanjsm's ghost (novice SpEn)
 11092 | Bailey   | Banished juanjsm's ghost
 11093 | Bailey   | Noticed a deep elf mage
 11103 | Bailey   | Killed a deep elf mage
 11114 | Bailey   | Noticed a deep elf mage
 11115 | Bailey   | Noticed a deep elf mage
 11115 | Bailey   | Noticed a deep elf mage
 11115 | Bailey   | Noticed a deep elf mage
 11116 | Bailey   | Noticed a deep elf mage
 11116 | Bailey   | Noticed a deep elf mage
 11121 | Bailey   | Killed a deep elf mage
 11121 | Bailey   | Reached skill level 10 in Invocations
 11121 | Bailey   | Gained mutation: You are immune to freezing clouds. [demonic ancestry]
 11121 | Bailey   | Reached XP level 11. HP: 86/86 MP: 13/18
 11124 | Bailey   | Killed a deep elf mage
 11143 | Bailey   | Banished a deep elf mage
 11146 | Bailey   | Killed a deep elf mage
 11146 | Bailey   | Reached skill level 1 in Stealth
 11162 | Bailey   | Slain by a fire elemental

Skill      XL: |  1  2  3  4  5  6  7  8  9 10 11 |
---------------+----------------------------------+-----
Dodging        | 1 2 3 4 5 6 7 8 |  8.0
Armour         | 2 3 4 5 6 |  6.6
Long Blades    | 2 3 4 5 6 |  6.9
Fighting       | 4 5 6 7 |  7.9
Invocations    | 3 4 6 8 10 | 10.4
Evocations     | 1 2 |  2.9
Bows           | 1 |  1.3
Stealth        | 1 |  1.0

Action                   |  1- 3 |  4- 6 |  7- 9 | 10-12 || total
-------------------------+-------+-------+-------+-------++-------
Melee: Falchion          |   105 |   262 |   441 |       ||   808
       Kick              |       |    69 |   222 |    54 ||   345
       Long sword        |       |       |   152 |       ||   152
       Great sword       |       |       |    35 |       ||    35
       Scimitar          |       |       |    21 |   150 ||   171
 Fire: Shortbow          |       |       |    15 |       ||    15
Throw: Throwing net      |       |       |     1 |       ||     1
Invok: Bend Space        |       |     1 |       |       ||     1
       Banish            |       |       |     2 |     6 ||     8
Evoke: Wand              |       |       |    31 |     8 ||    39
       Stone of tremors  |       |       |       |     1 ||     1
  Use: Scroll            |       |     3 |     4 |     1 ||     8
       Potion            |       |     2 |     8 |     5 ||    15
  Eat: Chunk             |     3 |    10 |    17 |     4 ||    34
       Beef jerky        |       |       |     1 |       ||     1
Armor: Leather armour    |    39 |    62 |       |       ||   101
       Skin              |       |    12 |    70 |    11 ||    93
       Ring mail         |       |     5 |   238 |    45 ||   288
Dodge: Dodged            |    62 |   154 |   414 |   125 ||   755
